 Dungeon Crawl Stone Soup version 0.31-a0-236-g9a0961fb85 (webtiles) character file.

Game seed: 9371854848695436952

44 qw the Shooter (level 3, 0/21 HPs)
             Began as a Gargoyle Hexslinger on July 10, 2023.
             Slain by a jackal (1 damage)
             ... on level 1 of the Dungeon.
             The game lasted 00:00:21 (437 turns).

qw the Shooter (Gargoyle Hexslinger)                 Turns: 437, Time: 00:00:22

Health: 0/21       AC:  5    Str: 11    XL:     3   Next: 60%
Magic:  4/4        EV: 12    Int: 13    God:
Gold:   32         SH:  0    Dex: 14    Spells: 3/4 levels left

rFire   . . .        a - +1 sling
rCold   . . .        (no shield)
rNeg    + . .        c - +0 robe
rPois   inf          (no helmet)
rElec   +            (no cloak)
rCorr   .            (no gloves)
SInv    .            (no boots)
Will    .....        (no amulet)
Stlth   +            (no ring)
HPRegen 0.23/turn    (no ring)
MPRegen 0.09/turn

%: no passive effects
@: no status effects
A: sickness immunity, AC +3, negative energy resistance 1, electricity
resistance, torment resistance 1, petrification resistance
a: no special abilities


You were on level 1 of the Dungeon.
You visited 1 branch of the dungeon, and saw 1 of its levels.

You collected 32 gold pieces.


Innate Abilities, Weirdness & Mutations

You are immune to sickness and miasma.
Your stone body is resilient. (AC +3)
You are immune to poison.
You resist negative energy. (rN+)
You are resistant to electric shocks. (rElec)
You are resistant to unholy torment.
You are immune to petrification.


   Skills:
 - Level 2.0 Fighting
 + Level 3.5 Ranged Weapons
 - Level 1.5 Dodging
 - Level 1.0 Spellcasting
 - Level 2.6 Hexes


You had 3 spell levels left.
You knew the following spells:

 Your Spells              Type           Power      Damage    Failure   Level
a - Slow                  Hex            28%        N/A       10%         1

Your spell library contained the following spells:

 Spells                   Type           Power      Damage    Failure   Level
 Inner Flame              Hex/Fire       4%         N/A       43%         3
 Portal Projectile        Hex/Tloc       8%         N/A       43%         3
 Cause Fear               Hex            3%         N/A       67%         4

Inventory:

Hand Weapons
 a - a +1 sling (weapon)
Armour
 c - a +0 robe (worn)
Scrolls
 b - a scroll of poison
Potions
 d - a potion of haste {unknown}

Dungeon Overview and Level Annotations

Branches:
Dungeon (1/15)

Altars:


Message History

The jackal bites you but does no damage. x2
The jackal closely misses you. x2
You shoot a sling bullet. The sling bullet hits the jackal!
You kill the jackal!
The jackal misses you.
The jackal bites you but does no damage. x2
The jackal closely misses you. The jackal barely misses you.
You shoot a sling bullet. The sling bullet hits the dart slug.
The dart slug is moderately wounded.
The jackal closely misses you. The jackal completely misses you.
The jackal bites you but does no damage.
The jackal bites you. The jackal closely misses you.
You shoot a sling bullet. The sling bullet hits the dart slug.
The dart slug is severely wounded.
The jackal bites you but does no damage.
The jackal barely misses you. x2; The dart slug bites you.
The jackal bites you. The jackal barely misses you. x2
You shoot a sling bullet.
The sling bullet hits the dart slug but does no damage.
The dart slug is severely wounded.
The jackal misses you. The jackal barely misses you.
The dart slug barely misses you.
The jackal bites you but does no damage.
The jackal barely misses you. The jackal misses you.
You shoot a sling bullet. The sling bullet hits the dart slug.
You kill the dart slug!
The jackal bites you but does no damage. x2
The jackal barely misses you. x2
You shoot a sling bullet.
The sling bullet hits the jackal but does no damage.
The jackal closely misses you. The jackal barely misses you.
The jackal closely misses you. The jackal bites you.
The jackal barely misses you.
The jackal bites you but does no damage.
You shoot a sling bullet.
The sling bullet closely misses the jackal.
The jackal barely misses you.
The jackal bites you but does no damage.
The jackal bites you. The jackal closely misses you. The jackal bites you.
You die...

###.....'.#.......# #
........###.......###
#
........###...%.....##
#
......#.%............#
.
###...#####.....#....#
## #... #..........#
##. #.....#....# #.
#.....h### ....
######@%.# .... #hh.#
.... #g..# ... #.#...
. ....... .###
......... ....
..#+##### ##.. ....
##. #.


You could see 3 jackals and a hobgoblin.

Vanquished Creatures
  A dart slug (D:1)
  4 ball pythons (D:1)
  2 endoplasms (D:1)
  4 giant cockroaches (D:1)
  4 hobgoblins (D:1)
  9 jackals (D:1)
  A quokka (D:1)
  3 bats (D:1)
  4 goblins (D:1)
  A kobold (D:1)
  3 rats (D:1)
36 creatures vanquished.

Notes
Turn   | Place    | Note
-------+----------+-------------------------------------------
     0 | D:1      | qw the Gargoyle Hexslinger began the quest for the Orb.
     0 | D:1      | Reached XP level 1. HP: 12/12 MP: 2/2
     0 | D:1      | 0 ||| qw: Version: 0.3-a-52-g30416fa
     0 | D:1      | 0 ||| qw: Game counter: 4774
     0 | D:1      | 0 ||| qw: Melee chars always use a shield: true
     0 | D:1      | 0 ||| qw: God list: Okawaru
     0 | D:1      | 0 ||| qw: Allow faded altars: false
     0 | D:1      | 0 ||| qw: Do Orc after clearing Dungeon:15 true
     0 | D:1      | 0 ||| qw: Do second Lair branch before Depths: true
     0 | D:1      | 0 ||| qw: Lair rune preference: random
     0 | D:1      | 0 ||| qw: Goals: Normal
     0 | D:1      | 0 ||| PLANNING D:1-11
   138 | D:1      | Reached XP level 2. HP: 16/16 MP: 3/3
   207 | D:1      | Reached skill level 3 in Ranged Weapons
   278 | D:1      | Reached XP level 3. HP: 20/21 MP: 4/4
   433 | D:1      | HP: 5/21 [jackal (1)]
   436 | D:1      | HP: 2/21 [jackal (3)]
   437 | D:1      | Slain by a jackal

Levels and vault maps discovered:
D:1:      dpeg_arrival_morbid_curiosity, layout_basic

Skill      XL: |  1  2  3 |
---------------+----------+-----
Ranged Weapons | 3 |  3.5
Fighting       | 2 |  2.0
Dodging        | |  1.5
Spellcasting   | |  1.0
Hexes          | |  2.6

Action                     || total
---------------------------++-------
   Fire: Sling             ||   123
 Armour: Robe              ||    52
  Dodge: Dodged            ||   123

Table legend:
 A = Non-vault XP
 B = Vault XP
 C = Vault XP percentage of total XP
 D = Non-vault monster count
 E = Vault monster count
 F = Vault count percentage of total count
                 A         B        C        D         E       F
            +---------+---------+-------+---------+---------+-------
      Total |      55 |       8 |  12.7 |      31 |       5 |  13.9
            +---------+---------+-------+---------+---------+-------
        D:1 |      55 |       8 |  12.7 |      31 |       5 |  13.9
            +---------+---------+-------+---------+---------+-------
